 Dungeon Crawl Stone Soup version 0.19.0-18-g426998a (webtiles) character file.

4900 Jerry the Cutter (level 10, 0/82 HPs)
             Began as a Vine Stalker Gladiator on Nov 11, 2016.
             Was the Champion of Uskayaw.
             Killed from afar by an electric eel (3 damage)
             ... with a bolt of electricity
             ... on level 9 of the Dungeon.
             The game lasted 00:33:03 (7643 turns).

Jerry the Cutter (Vine Stalker Gladiator)           Turns: 7643, Time: 00:33:03

Health: 0/82       AC: 10    Str: 25 (26) XL:     10   Next: 51%
Magic:  0/16       EV: 11    Int:  7 (9)  God:    Uskayaw [******]
Gold:   404        SH:  0    Dex: 16      Spells: 0 memorised, 9 levels left

rFire  . . .     SeeInvis .     h - +3 dagger (speed)
rCold  . . .     Gourm    .     m - +0 scale mail
rNeg   . . .     Faith    .     (no shield)
rPois  +         Spirit   +     j - +0 helmet
rElec  .         Reflect  .     (no cloak)
rCorr  .         Harm     .     (no gloves)
MR     +....                    A - +0 pair of boots
Stlth  ..........               (no amulet)
                                (no ring)
                                B - ring of poison resistance

@: berserking, very quick
A: fangs 3, blurry vision 1, deterioration 1, regeneration 1, strong 1, magic
shield, antimagic bite, no device heal 3, rot immunity
a: Stomp, Line Pass, Grand Finale, Renounce Religion


You were on level 9 of the Dungeon.
You worshipped Uskayaw.
Uskayaw was noncommittal.
You were not hungry.

You visited 1 branch of the dungeon, and saw 9 of its levels.

You collected 404 gold pieces.

Inventory:

Hand Weapons
 h - a +3 dagger of speed (weapon)
Missiles
 w - 3 poisoned tomahawks (quivered)
 z - 3 throwing nets
Armour
 j - a +0 helmet (worn)
 m - a +0 scale mail (worn)
 A - a +0 pair of boots (worn)
Jewellery
 B - a ring of poison resistance (left hand)
 Q - an uncursed ring of wizardry {unknown}
Wands
 d - a wand of paralysis (21/24)
 D - a wand of lightning (9/15)
 J - a wand of flame (9/48)
 L - a wand of lightning (7/15)
 M - a wand of teleportation (2/9)
 N - a wand of iceblast (6/15)
Scrolls
 e - 4 scrolls of random uselessness {unknown}
 g - 3 scrolls of immolation {unknown}
 i - a scroll of noise {unknown}
 l - 3 scrolls of identify
 o - a scroll of fog {unknown}
 p - 3 scrolls of remove curse {unknown}
 s - 5 scrolls of magic mapping {unknown}
 y - 2 scrolls of enchant weapon {unknown}
 C - 2 scrolls of teleportation {unknown}
 G - a scroll of amnesia {unknown}
 K - a scroll of summoning {unknown}
 P - a scroll of recharging {unknown}
Potions
 a - 2 potions of haste
 b - 3 potions of flight
 n - a potion of might
 q - a potion of cure mutation
 r - 4 potions of agility
 t - 4 potions of curing
 u - a potion of lignification
 F - a potion of brilliance
 I - a potion of ambrosia
Books
 c - the Disquisition on Igneous Dark Arts
   (You found it on level 4 of the Dungeon)

   Spells                             Type                      Level
   a - Corpse Rot                     Necromancy                   2
   b - Control Undead                 Necromancy                   4
   c - Dispel Undead                  Necromancy                   5
   d - Delayed Fireball               Conjuration/Fire             7
 x - a book of Maledictions

   Spells                             Type                      Level
   a - Corona                         Hexes                        1
   b - Ensorcelled Hibernation        Hexes/Ice                    2
   c - Confuse                        Hexes                        3
   d - Tukima's Dance                 Hexes                        3
   e - Dazzling Spray                 Conjuration/Hexes            3
 E - a book of Misfortune

   Spells                             Type                      Level
   a - Confusing Touch                Hexes                        1
   b - Confuse                        Hexes                        3
   c - Gell's Gravitas                Hexes/Translocation          3
   d - Petrify                        Transmutation/Earth          4
   e - Metabolic Englaciation         Hexes/Ice                    5
   f - Yara's Violent Unravelling     Hexes/Transmutation          5
Comestibles
 f - 11 bread rations
 k - 11 fruits
 v - 4 meat rations
 O - 4 chunks of flesh


   Skills:
 + Level 7.5 Fighting
 + Level 7.6 Short Blades
 - Level 1.7 Throwing
 + Level 6.2 Armour
 - Level 2.4 Dodging
 + Level 7.0 Invocations


You had 9 spell levels left.
You didn't know any spells.

Dungeon Overview and Level Annotations

Branches:
Dungeon (9/15)             Temple (0/1) D:6
   Lair: D:8-11         Orc: D:9-12

Altars:
Ashenzari
Elyvilon
Hepliaklqana
Qazlal
Sif Muna
Trog
Uskayaw
Yredelemnul


Innate Abilities, Weirdness & Mutations

You have razor-sharp teeth.
Your natural rate of healing is unusually fast.
When hurt, damage is shared between your health and your magic reserves.
Your bite disrupts and absorbs the magic of your enemies.
Potions and wands cannot restore your health.
You are immune to rotting.
Scrolls take you a little longer to read.
Your body sometimes deteriorates upon taking damage.
Your muscles are strong. (Str +2)


Message History

* * * LOW HITPOINT WARNING * * *
The ice beast barely misses you.
You hit the ice beast but do no damage. You bite the ice beast.
You drain its power.
You feel invigorated.
You kill the ice beast!
The electric eel shoots out a bolt of lightning at you!
The bolt of electricity misses you.
The electric eel shoots out a bolt of lightning at you!
The bolt of electricity misses you.
The worker ant bites you but does no damage.
A red film seems to cover your vision as you go berserk!
You feel yourself moving faster!
You feel mighty! The sky beast barely misses you.
The electric eel shoots out a bolt of lightning at you!
The bolt of electricity hits the sky beast.
The sky beast completely resists.
The bolt of electricity hits you!
* * * LOW HITPOINT WARNING * * *
The electric eel shoots out a bolt of lightning at you!
The bolt of electricity hits you!
You die...

≈≈≈≈≈≈≈≈≈≈≈≈≈≈≈≈≈≈≈≈≈≈≈≈≈
≈≈≈≈≈≈≈≈≈≈≈≈≈≈≈≈≈≈≈≈≈≈≈≈≈≈
≈≈≈≈≈≈≈≈≈≈≈≈≈≈≈≈≈≈≈≈≈≈≈≈≈≈
≈≈≈≈≈≈≈≈;≈≈≈≈≈≈≈≈≈≈≈≈≈≈≈≈≈
≈≈≈≈≈;.....?.....≈≈≈≈≈≈≈≈≈
.$..(...?).........?...≈≈≈
.......≈.).[..)...........
......).Y.$...............
##....$a@.......))/......
########################


You could see a sky beast, a worker ant and 2 electric eels.

Vanquished Creatures
  A troll (D:9)
  A wyvern (D:8)
  Eustachio (D:4)
  Menkaure (D:5)
  10 ice beasts
  2 eyes of draining (D:7)
  2 phantoms
  2 orc warriors
  A sky beast (D:8)
  6 ogres
  A centaur (D:5)
  2 bullfrogs
  3 scorpions
  19 killer bees
  3 wights (D:6)
  2 centaur zombies
  A bullfrog zombie (D:5)
  A hound (D:8)
  3 orc priests
  2 jellies
  2 orc wizards
  3 iguanas
  5 worker ants
  A killer bee zombie (D:7)
  A hound zombie (D:6)
  2 hound skeletons
  11 gnolls
  12 adders
  2 shadow imps
  An ooze (D:1)
  An adder zombie (D:9)
  4 adder skeletons
  A worm (D:2)
  2 dart slugs
  5 leopard geckos
  27 orcs
  8 bats
  4 giant cockroaches
  11 hobgoblins
  A jackal (D:1)
  7 kobolds
  2 quokkas
  8 frilled lizards
  8 goblins
  9 rats
202 creatures vanquished.

Vanquished Creatures (others)
  2 killer bees
  A giant cockroach (D:3)
3 creatures vanquished.

Grand Total: 205 creatures vanquished

Notes
Turn   | Place    | Note
-------+----------+-------------------------------------------
     0 | D:1      | Jerry the Vine Stalker Gladiator began the quest for the Orb.
     0 | D:1      | Reached XP level 1. HP: 11/11 MP: 2/2
   164 | D:1      | Reached XP level 2. HP: 9/15 MP: 3/3
   612 | D:1      | Reached skill level 1 in Armour
   749 | D:1      | Reached XP level 3. HP: 16/18 MP: 4/4
  1525 | D:2      | Found a hazy altar of Hepliaklqana.
  1543 | D:2      | Gained mutation: Your natural rate of healing is unusually fast. [Vine Stalker growth]
  1543 | D:2      | Reached XP level 4. HP: 19/23 MP: 5/5
  1546 | D:2      | Found a faded altar of an unknown god.
  1781 | D:2      | Reached XP level 5. HP: 11/27 MP: 3/6
  1999 | D:3      | Found a hide-covered altar of Uskayaw.
  2008 | D:3      | Became a worshipper of Uskayaw the Reveler
  2033 | D:3      | Reached * piety under Uskayaw
  2076 | D:3      | Found a white marble altar of Elyvilon.
  2200 | D:3      | Reached ** piety under Uskayaw
  2397 | D:3      | Found a deep blue altar of Sif Muna.
  2726 | D:4      | Reached skill level 1 in Invocations
  2726 | D:4      | Reached XP level 6. HP: 32/32 MP: 7/7
  2896 | D:4      | Noticed Eustachio
  2918 | D:5      | Entered Level 5 of the Dungeon
  3078 | D:5      | Reached *** piety under Uskayaw
  3264 | D:5      | Noticed Menkaure
  3286 | D:5      | Killed Menkaure
  3286 | D:5      | Reached XP level 7. HP: 14/37 MP: 4/9
  3301 | D:5      | Reached **** piety under Uskayaw
  3469 | D:5      | Found a stormy altar of Qazlal.
  3872 | D:4      | Identified the Disquisition on Igneous Dark Arts
  4226 | D:4      | Reached skill level 5 in Short Blades
  4253 | D:4      | Gained mutation: You have razor-sharp teeth. [Vine Stalker growth]
  4253 | D:4      | Reached XP level 8. HP: 31/42 MP: 11/11
  4355 | D:4      | Killed Eustachio
  4454 | D:6      | Reached skill level 5 in Fighting
  4675 | D:6      | Found a shattered altar of Ashenzari.
  4894 | D:6      | Found a staircase to the Ecumenical Temple.
  5377 | D:7      | Found a basalt altar of Yredelemnul.
  5389 | D:7      | Reached XP level 9. HP: 47/47 MP: 13/13
  5448 | D:7      | Reached skill level 5 in Invocations
  5727 | D:7      | Reached skill level 5 in Armour
  5775 | D:7      | Reached ***** piety under Uskayaw
  6334 | D:7      | Found a bloodstained altar of Trog.
  7132 | D:8      | Reached XP level 10. HP: 53/53 MP: 15/15
  7266 | D:8      | Gained mutation: Scrolls take you a little longer to read. [mutagenic meat]
  7267 | D:8      | Gained mutation: Your body sometimes deteriorates upon taking damage. [mutagenic meat]
  7268 | D:8      | Gained mutation: Your muscles are strong. (Str +2) [mutagenic meat]
  7630 | D:9      | Reached ****** piety under Uskayaw
  7639 | D:9      | HP: 2/55 [sky beast (1)]
  7643 | D:9      | Killed from afar by an electric eel

Skill      XL: |  1  2  3  4  5  6  7  8  9 10 |
---------------+-------------------------------+-----
Fighting       | 2 3 4 5 6 7 |  7.5
Short Blades   | 3 4 5 7 |  7.6
Armour         | 1 2 3 4 5 6 |  6.2
Invocations    | 1 2 3 4 6 7 |  7.0
Throwing       | |  1.7
Dodging        | |  2.4

Action                   |  1- 3 |  4- 6 |  7- 9 | 10-12 || total
-------------------------+-------+-------+-------+-------++-------
Melee: Rapier            |    84 |       |       |       ||    84
       Bite              |    29 |    75 |   136 |    50 ||   290
       Dagger            |    31 |   257 |   406 |   144 ||   838
Throw: Throwing net      |       |     3 |     3 |       ||     6
       Tomahawk          |       |     1 |    14 |       ||    15
Invok: Stomp             |       |     1 |       |       ||     1
       Line Pass         |       |     1 |     4 |     1 ||     6
  Use: Potion            |       |     2 |       |     1 ||     3
       Scroll            |       |       |       |    10 ||    10
 Stab: Sleeping          |     2 |       |       |       ||     2
       Paralysed         |       |     3 |    13 |     9 ||    25
  Eat: Chunk             |     2 |     6 |    10 |     6 ||    24
       Beef jerky        |       |       |     1 |       ||     1
       Pizza             |       |       |     1 |       ||     1
Armor: Leather armour    |    22 |    25 |    10 |       ||    57
       Scale mail        |       |       |    47 |    38 ||    85
Dodge: Dodged            |    72 |    99 |   111 |    42 ||   324
